Description

Personal attempt at uThermals bongcloud from a silver-gold player

Replay - Gold Bongcloud

Build Order

Get SALT Encoding   

  12  0:24  Supply Depot  
  12  0:43  SCV  
  13  1:06  SCV, Barracks  
  14  1:13  Refinery  
  14  1:18  SCV  
  15  1:30  SCV  
  16  1:42  SCV  
  17  1:55  Orbital Command  
  17  1:58  Barracks Tech Lab  
  17  2:01  Barracks  
  17  2:23  Stimpack  
  17  2:29  Marine  
  18  2:41  Supply Depot  
  18  2:47  SCV, Marine x2  
  21  2:59  SCV  
  21  3:04  Factory, Marine x2  
  23  3:07  Refinery  
  23  3:12  SCV  
  25  3:22  Marine x2  
  25  3:24  SCV  
  28  3:36  SCV  
  29  3:42  Marine x2  
  31  3:52  Starport  
  31  3:54  Supply Depot  
  31  3:59  Supply Depot  
  31  4:15  Barracks Tech Lab  
  32  4:18  Barracks Reactor  
  33  4:32  Siege Tank, Command Center  
  36  4:40  Medivac  
  39  5:08  Combat Shield  
  39  5:10  Medivac  
  41  5:18  Marine  
  45  5:37  Fusion Core  
  47  5:44  Supply Depot  
  47  6:23  Orbital Command  
  47  6:25  Refinery x2  
  47  6:38  Siege Tank  
  52  6:53  Bunker  
Spawning Tool Build Advisor. Get it on Overwolf

Go to:

Details

  • Created by: amonwastaken
  • Published on: Apr 26, 2022
  • Modified on: Apr 26, 2022
  • Patch: 4.11.0
  • Difficulty: Easy
Show
View Real Time Build Order
Export as new Build Order

Comments (0)

There are no comments. Be the first!

Create an account to comment!